 Dungeon Crawl Stone Soup version 0.24.0-123-gd5b16e6ec5 (webtiles) character file.

Game seed: 12224332433487678710, levelgen mode: deterministic

182 vurker the Caller (level 5, -3/22 HPs)
             Began as a Felid Summoner on Dec 30, 2019.
             Slain by an orc
             ... wielding a cursed +0 hand axe
              (7 damage)
             ... on level 6 of the Dungeon.
             The game lasted 00:11:28 (5782 turns).

vurker the Caller (Felid Summoner)                  Turns: 5782, Time: 00:11:29

Health: -3/22      AC:  1    Str:  4    XL:     5   Next: 35%
Magic:  4/11       EV: 33    Int: 18    God:
Gold:   279        SH:  0    Dex: 16    Spells: 1/11 levels left
                                        Lives:  0   Deaths: 1

rFire    . . .     SeeInvis +   (weapon unavailable)
rCold    . . .     Gourm    .   (shield unavailable)
rNeg     . . .     Faith    .   (armour unavailable)
rPois    .         Spirit   .   (helmet unavailable)
rElec    .         Reflect  .   (cloak unavailable)
rCorr    .         Harm     .   (gloves unavailable)
MR       .....                  (boots unavailable)
Stlth    +++.......             n - amulet of the acrobat
HPRegen  0.07/turn              o - ring of flight
MPRegen  0.12/turn              (no ring)

@: acrobat, very slightly contaminated, quick
A: very small, no armour, no weapons or thrown items, stealth, claws 1, fangs 3,
see invisible, carnivore, speed 1, shaggy fur 1, slow metabolism 1, sharp paws
a: Evoke Flight


You were on level 6 of the Dungeon.
You were full.

You visited 1 branch of the dungeon, and saw 6 of its levels.
You also visited: Ossuary.

You collected 345 gold pieces.
You spent 66 gold pieces at shops.

Inventory:

Jewellery
 n - an amulet of the acrobat (around neck)
   (You found it on level 2 of the Dungeon)
 o - a ring of flight (left paw)
   (You found it on level 3 of the Dungeon)
Scrolls
 a - 4 scrolls of remove curse
 h - 2 scrolls of amnesia
 j - a scroll of fear
 q - a scroll of teleportation
 r - a scroll of enchant armour {unknown}
Potions
 b - 3 potions of heal wounds
 c - 5 potions of curing
 d - a potion of mutation {unknown}
 f - 3 potions of berserk rage {unknown}
 g - a potion of invisibility {unknown}
 i - a potion of might
 k - 2 potions of flight {unknown}
 l - a potion of brilliance
 m - 2 potions of agility
 p - a potion of haste {unknown}
Comestibles
 e - 10 rations


   Skills:
 + Level 2.2 Fighting
 - Level 2.6 Dodging
 - Level 2.6 Stealth
 * Level 3.8 Spellcasting
 * Level 5.3 Summonings
 * Level 0.8 Air Magic


You had one spell level left.
You knew the following spells:

 Your Spells              Type           Power        Failure   Level  Hunger
a - Summon Small Mammal   Summ           ###.         1%          1    None
b - Call Imp              Summ           ###.....     2%          2    ##.....
c - Call Canine Familiar  Summ           ###.....     4%          3    ###....
x - Summon Lightning Spi  Summ/Air       ##......     38%         4    ####...

Your spell library contained the following spells:

 Spells                   Type           Power        Failure   Level  Hunger
 Summon Guardian Golem    Hex/Summ       ##......     16%         3    ###....
 Summon Ice Beast         Ice/Summ       ##......     45%         4    ####...


Dungeon Overview and Level Annotations

Branches:
Dungeon (7/15)            Ossuary (visited)
 Temple: D:4-7

Altars:
Elyvilon
Qazlal

Shops:
D:4 *


Innate Abilities, Weirdness & Mutations

You cannot wear armour.
You are incapable of wielding weapons or throwing items.
Your paws allow you to move quietly. (Stealth)
You have sharp claws.
You have razor-sharp teeth.
You have supernaturally acute eyesight. (SInv)
You are carnivorous and can eat meat at any time.
You cover ground quickly.
You are covered in fur. (AC +1)
You have a slow metabolism.
Your sharp claws are effective at attacking unaware monsters.


Message History

You miscast Summon Lightning Spire.
Sparks of electricity dance between your paws.
An orc comes into view.
You don't have enough magic to cast that spell.
What are your orders? t - Meow!
Orders for allies: a - Attack new target. r - Retreat! s - Stop attacking. g - Guard the area. f - Follow me.
Anything else - Cancel.
Gang up on whom?
Aim: an orc priest, wielding a +0 flail Attack!
The orc priest closely misses your hound.
Your hound closely misses the orc priest.
An orc comes into view. It is wielding a +0 hand axe.
Your hound closely misses the orc.
What are your orders? t - Meow!
Orders for allies: a - Attack new target. p - Attack previous target. r - Retreat! s - Stop attacking. g - Guard the area. f - Follow me.
Anything else - Cancel.
Gang up on whom?
Aim: an orc priest, wielding a +0 flail Attack!
Your hound barely misses the orc.
The orc barely misses your hound. x2
You aren't carrying any items that you can evoke.
Unknown command.
Your hound bites the orc.
The orc hits your hound with a cursed +0 hand axe.
Your hound barely misses the orc.
Something barely misses your hound.
Your hound closely misses the orc.
Found a ration.
An orc comes into view. It is wielding a +0 war axe.
You see here a ration.
e - 10 rations (gained 1) 3 orcs come into view.
You swap places.
You don't have enough magic to cast that spell.
Unknown command.
The orc completely misses you.
The orc priest begins to cast a cantrip, but forgets the words!
You scratch the orc but do no damage. The orc barely misses you.
The orc hits you with a cursed +0 hand axe.
* * * LOW HITPOINT WARNING * * *
The orc barely misses your hound. The orc misses you.
The orc priest closely misses your hound.
The orc hits you with a cursed +0 hand axe!
You die...

#...ho#+#.#.#>#.#
#.#....)...#.#.#.#
#.#....†..#.#.#.#+
#.#........#.#.#.#
#o#.......#.#.#.#.#
#.#........#.#.#.#.#
#.#.......#.#.#.#
#.# #.####.#+#.#.#o#
#. #.# #.@o#.#.#o#
#.###.o.o#.#.#
#..oh...#.#o#
######.#.#.#
##.#.#.# ##### .. ..
.


You could see an orc priest, 3 orcs and a friendly hound.

Vanquished Creatures
  A mummy (Ossuary)
  A shadow imp (D:6)
  A gnoll zombie (Ossuary)
  4 goblins
  5 hobgoblins
  3 jackals
  A ball python (D:2)
  6 bats
  2 frilled lizards (D:2)
  2 goblin zombies (D:6)
  2 kobolds (D:3)
  An orc zombie (Ossuary)
  4 rats
33 creatures vanquished.

Vanquished Creatures (collateral kills)
  An ogre (D:4)
  A hound (D:4)
  Terence (D:2)
  A worker ant (D:6)
  7 mummies (Ossuary)
  4 adders
  2 oozes
  4 worms
  2 dart slugs (D:1)
  3 leopard geckos
  3 orcs
  A giant cockroach (D:3)
  3 hobgoblins
  6 jackals
  5 quokkas
  A ball python (D:3)
  4 bats
  A goblin (D:1)
  A hobgoblin zombie (Ossuary)
  3 kobolds
  2 kobold zombies (Ossuary)
  3 orc zombies (Ossuary)
  3 rats (D:2)
62 creatures vanquished.

Grand Total: 95 creatures vanquished

Notes
Turn   | Place    | Note
-------+----------+-------------------------------------------
     0 | D:1      | vurker the Felid Summoner began the quest for the Orb.
     0 | D:1      | Reached XP level 1. HP: 7/7 MP: 4/4
   423 | D:1      | Reached XP level 2. HP: 5/12 MP: 0/6
  1780 | D:2      | Learned a level 2 spell: Call Imp
  1997 | D:2      | Reached skill level 1 in Fighting
  2259 | D:2      | Reached XP level 3. HP: 12/15 MP: 3/7
  2333 | D:2      | Learned a level 3 spell: Call Canine Familiar
  2934 | D:2      | Noticed Terence
  2995 | D:2      | Killed Terence
  3549 | D:3      | Reached XP level 4. HP: 14/19 MP: 9/9
  3678 | D:3      | Found a stormy altar of Qazlal.
  4142 | D:3      | Found a white marble altar of Elyvilon.
  4577 | D:4      | Found Gyucsaac's General Store.
  4584 | D:4      | Bought a scroll of identify for 22 gold pieces
  4584 | D:4      | Bought a potion of brilliance for 44 gold pieces
  4754 | D:4      | Noticed a centaur
  4770 | D:4      | Shot with an arrow by a centaur
  4771 | D:4      | Reached XP level 3. HP: -6/16 MP: 0/8
  4846 | D:4      | Noticed an ogre
  4887 | D:4      | Killed an ogre
  4887 | D:4      | Reached skill level 5 in Summonings
  4887 | D:4      | Reached XP level 4. HP: 7/19 MP: 0/10
  5107 | D:4      | You fall into a shaft and drop 3 floors!
  5179 | D:6      | Found a sand-covered staircase.
  5222 | Ossuary  | Entered an ossuary
  5311 | Ossuary  | Learned a level 4 spell: Summon Lightning Spire
  5443 | Ossuary  | Reached XP level 5. HP: 22/22 MP: 8/11
  5782 | D:6      | Slain by an orc

Levels and vault maps discovered:
D:1:      shiori_arrival_maze, layout_basic
D:2:      layout_loops_ring, first_ration, uniq_terence
D:3:      minmay_spotlight, layout_rooms, grunt_qazlal_sundering,
          marbit_many_paths
D:4:      layout_loops_ring, serial_shops, shop_statue
D:6:      layout_basic, minmay_temple_entry_sparse_star, gammafunk_ghost_grave,
          enter_ossuary_4
D:7:      layout_loops_ring, nicolae_overflow_hidden_temple, vehumet_statue,
          trog_ov_bears_minmay

Skill      XL: |  1  2  3 |
---------------+----------+-----
Fighting       | 1 2 |  2.2
Spellcasting   | 3 |  3.8
Summonings     | 5 |  5.3
Dodging        | |  2.6
Stealth        | |  2.6
Air Magic      | |  0.8

Action                   |  1- 3 |  4- 6 || total
-------------------------+-------+-------++-------
Melee: Unarmed           |    92 |   101 ||   193
       Bite              |     5 |    11 ||    16
 Cast: Summon Small Mamm |    40 |     2 ||    42
       Call Imp          |    26 |    40 ||    66
       Call Canine Famil |       |     5 ||     5
  Use: Scroll            |     7 |     5 ||    12
       Potion            |       |     1 ||     1
 Stab: Sleeping          |     8 |     4 ||    12
  Eat: Chunk             |    17 |     6 ||    23
Armor: Skin              |     8 |     3 ||    11
Dodge: Dodged            |    67 |   117 ||   184
